 Dungeon Crawl Stone Soup version 0.23.2-1-ga50397a (webtiles) character file.

Game seed: 4324546318499237373

37 GuyDeFluk the Sneak (level 3, -1/16 HPs)
             Began as a Spriggan Enchanter on May 14, 2019.
             Killed by nerve-wracking pain
             ... invoked by an orc priest
              (3 damage)
             ... on level 1 of the Dungeon.
             The game lasted 00:11:48 (2458 turns).

GuyDeFluk the Sneak (Spriggan Enchanter)            Turns: 2458, Time: 00:11:49

Health: -1/16      AC:  2    Str:  5    XL:     3   Next: 21%
Magic:  8/8        EV: 18    Int: 16    God:
Gold:   65         SH:  0    Dex: 16    Spells: 6/7 levels left

rFire    . . .     SeeInvis +   a - +1 dagger
rCold    . . .     Gourm    .   (shield restricted)
rNeg     . . .     Faith    .   b - +0 robe
rPois    .         Spirit   .   (helmet restricted)
rElec    .         Reflect  .   (no cloak)
rCorr    .         Harm     .   (gloves unavailable)
MR       .....                  (boots unavailable)
Stlth    +++.......             (no amulet)
HPRegen  0.05/turn              (no ring)
MPRegen  0.11/turn              (no ring)

@: very quick
A: very small, unfitting armour, see invisible, herbivore, speed 3, slow
metabolism 2
a: no special abilities


You were on level 1 of the Dungeon.
You were not hungry.

You visited 1 branch of the dungeon, and saw 2 of its levels.

You collected 65 gold pieces.

Inventory:

Hand Weapons
 a - a +1 dagger (weapon)
Armour
 b - a +0 robe (worn)
Potions
 c - a potion of curing {unknown}
 e - a potion of agility {unknown}
 f - a potion of resistance {unknown}
Comestibles
 d - 3 rations


   Skills:
 + Level 2.5 Short Blades
 - Level 3.0 Dodging
 + Level 5.7 Stealth
 - Level 2.6 Spellcasting
 - Level 3.6 Hexes


You had 6 spell levels left.
You knew the following spells:

 Your Spells              Type           Power        Failure   Level  Hunger
a - Corona                Hex            ##.....      4%          1    #......

Your spell library contained the following spells:

 Spells                   Type           Power        Failure   Level  Hunger
 Confuse                  Hex            ##......     13%         3    ###....
 Tukima's Dance           Hex            ##......     13%         3    ###....
 Ensorcelled Hibernation  Hex/Ice        #.....       14%         2    ##.....
 Dazzling Spray           Conj/Hex       #.....       28%         3    ###....


Dungeon Overview and Level Annotations

Branches:
Dungeon (2/15)

Altars:


Innate Abilities, Weirdness & Mutations

You are very small and have problems with some larger weapons.
You are too small for most types of armour.
You have supernaturally acute eyesight. (SInv)
You are a herbivore.
You cover ground extremely quickly.
You need to consume almost no food.


Message History

You closely miss the orc priest.
The orc priest is heavily wounded.
The orc priest hits you with a +0 hand axe!
Ouch! That really hurt!
You hit the orc priest.
The orc priest is severely wounded.
You hit the orc priest.
The orc priest is severely wounded.
The orc priest closely misses you.
You closely miss the orc priest.
The orc priest is severely wounded.
The orc priest hits you with a +0 hand axe.
* * * LOW HITPOINT WARNING * * *
There is an escape hatch in the floor here.
You start resting.
The orc priest is too close now for your liking.
The orc priest closely misses you.
The orc priest mumbles some strange prayers to Beogh against you.
Pain shoots through your body!
You die...

......##...................##
......##...............#..#######
.......#...............#.........
.............o.........#.........
...^(.####(..#.##.#..............
......# ##(#o#..#.#####..........
......###..#..#...###............
......#...###.##..##.............
###)###)### #..#@.#..............
#..##.#####.>...#.#............
##.............................
#............#........#.#.##.#.
###.#..........##...#####......(.
#....(.........###..#####).......
#....###....##.##........>.....#.
#....###.#)###.##..#####......###
#....##..#..##.#..## ##.....###


You could see an orc priest.

Vanquished Creatures
  2 dart slugs (D:1)
  A leopard gecko (D:1)
  2 giant cockroaches (D:1)
  5 goblins (D:1)
  3 hobgoblins (D:1)
  4 jackals (D:1)
  3 kobolds (D:1)
  3 bats (D:1)
  3 frilled lizards (D:1)
  3 rats (D:1)
29 creatures vanquished.

Notes
Turn   | Place    | Note
-------+----------+-------------------------------------------
     0 | D:1      | GuyDeFluk the Spriggan Enchanter began the quest for the
                  | Orb.
     0 | D:1      | Reached XP level 1. HP: 9/9 MP: 5/5
   468 | D:1      | Reached XP level 2. HP: 13/13 MP: 6/6
   542 | D:1      | Reached skill level 5 in Stealth
  1255 | D:1      | Reached XP level 3. HP: 10/16 MP: 8/8
  2458 | D:1      | Killed from afar by an orc priest

Skill      XL: |  1  2 |
---------------+-------+-----
Stealth        | 5 |  5.7
Short Blades   | 2 |  2.5
Dodging        | |  3.0
Spellcasting   | |  2.6
Hexes          | |  3.6

Action                   || total
-------------------------++-------
Melee: Dagger            ||   177
 Cast: Corona            ||    10
 Stab: Distracted        ||     2
       Sleeping          ||     1
Armor: Robe              ||    27
Dodge: Dodged            ||   141
